 Dungeon Crawl Stone Soup version 0.25.1-9-gc5326a611f (webtiles) character file.

Game seed: 14419227171373047001

81 pokeman the Magician (level 4, 0/25 HPs)
             Began as a Deep Elf Wizard on Dec 27, 2020.
             Succumbed to hobgoblin's curare-tipped dart
             ... on level 2 of the Dungeon.
             The game lasted 00:05:19 (2474 turns).

pokeman the Magician (Deep Elf Wizard)              Turns: 2474, Time: 00:05:20

Health: 0/25       AC:  3    Str:  4    XL:     4   Next: 19%
Magic:  8/13       EV: 11    Int: 30    God:
Gold:   93         SH:  0    Dex: 13    Spells: 3/14 levels left

rFire    . . .     SeeInvis .   c - -3 dagger (curse)
rCold    . . .     Gourm    .   (no shield)
rNeg     + . .     Faith    .   j - +0 leather armour
rPois    .         Spirit   .   b - +0 hat
rElec    .         Reflect  .   (no cloak)
rCorr    .         Harm     .   (no gloves)
MR       .....                  (no boots)
Stlth    ++........             (no amulet)
HPRegen  0.08/turn              f - +6 ring of intelligence
MPRegen  0.13/turn              m - ring of positive energy

@: lethally poisoned (0 -> -10), stab, slowed, very slow
A: no striking features
a: no special abilities


You were on level 2 of the Dungeon.
You were hungry.

You visited 1 branch of the dungeon, and saw 2 of its levels.

You collected 93 gold pieces.

Inventory:

Hand Weapons
 c - a cursed -3 dagger (weapon)
Missiles
 n - 18 arrows
 q - 12 bolts
Armour
 b - a +0 hat (worn)
 j - a +0 leather armour (worn)
Jewellery
 f - a +6 ring of intelligence (left hand)
 m - a ring of positive energy (right hand)
Scrolls
 a - a scroll of teleportation {unknown}
 g - 2 scrolls of remove curse {unknown}
 h - a scroll of noise {unknown}
 k - a scroll of enchant armour {unknown}
Potions
 i - a potion of cancellation {unknown}
 l - a potion of resistance {unknown}
 o - a potion of haste {unknown}
 p - a potion of ambrosia {unknown}
Comestibles
 d - 7 rations


   Skills:
 - Level 1.1 Fighting
 - Level 1.2 Armour
 + Level 2.4 Dodging
 - Level 2.4 Stealth
 * Level 5.6 Spellcasting
 + Level 2.1 Conjurations
 - Level 1.1 Summonings
 - Level 1.1 Translocations
 + Level 0.0 Fire Magic


You had 3 spell levels left.
You knew the following spells:

 Your Spells              Type           Power        Failure   Level  Hunger
a - Magic Dart            Conj           ###.         4%          1    None
b - Mephitic Cloud        Conj/Pois/Air  ##......     22%         3    None
c - Call Imp              Summ           ###.....     9%          2    None
d - Blink                 Tloc           N/A          9%          2    None
e - Conjure Flame         Conj/Fire      ##......     19%         3    None

Your spell library contained the following spells:

 Spells                   Type           Power        Failure   Level  Hunger
 Slow                     Hex            #.......     14%         2    None


Dungeon Overview and Level Annotations

Branches:
Dungeon (2/15)

Altars:
Trog


Message History

You feel sick.
There is a lethal amount of poison in your body!
There is a lethal amount of poison in your body!
There is a lethal amount of poison in your body!
There is a lethal amount of poison in your body!
There is a lethal amount of poison in your body!
There is a lethal amount of poison in your body!
You feel sick.
You feel sick.
* * * LOW HITPOINT WARNING * * *
You feel sick.
* * * LOW HITPOINT WARNING * * *
You feel sick.
* * * LOW HITPOINT WARNING * * *
You feel sick.
* * * LOW HITPOINT WARNING * * *
You feel sick.
It was a potion of stabbing.
You feel ready to backstab.
You die...

.. #.≈≈≈≈≈.≈≈≈≈.# #.
##.......≈≈≈≈.#
###.#####..≈≈≈≈.......#
.>..)......≈≈≈≈.≈≈≈≈≈.#
.###.....##.≈≈≈≈.≈≈≈≈≈.#
.'..).......≈≈≈≈.≈≈≈≈≈..
##.....##.≈≈≈≈.≈≈≈≈≈.#
#.....##............#
....###@.#####.#.###.###
......)..# #.......#
###.###.## #######.# #.#
###.### #.# #.....# #.#
#.#.#.# #.# #.#.#.# #.#
#.#...÷ #.###.#


There were no monsters in sight!

Vanquished Creatures
  A centaur skeleton (D:2)
  An adder (D:2)
  2 worms (D:2)
  2 dart slugs (D:1)
  2 leopard geckos (D:1)
  2 giant cockroaches (D:2)
  4 goblins
  4 hobgoblins
  A jackal (D:1)
  2 quokkas (D:2)
  4 bats
  2 frilled lizards (D:2)
  5 kobolds
  2 rats
34 creatures vanquished.

Notes
Turn   | Place    | Note
-------+----------+-------------------------------------------
     0 | D:1      | pokeman the Deep Elf Wizard began the quest for the Orb.
     0 | D:1      | Reached XP level 1. HP: 10/10 MP: 7/7
   435 | D:1      | Reached XP level 2. HP: 16/16 MP: 4/9
  1242 | D:2      | Reached skill level 5 in Spellcasting
  1338 | D:2      | Reached XP level 3. HP: 20/20 MP: 4/11
  1343 | D:2      | Learned a level 3 spell: Mephitic Cloud
  1346 | D:2      | Learned a level 2 spell: Call Imp
  1349 | D:2      | Learned a level 2 spell: Blink
  1353 | D:2      | Learned a level 3 spell: Conjure Flame
  1353 | D:2      | Found a bloodstained altar of Trog.
  1976 | D:2      | Reached skill level 1 in Armour
  2308 | D:2      | Reached skill level 1 in Fighting
  2308 | D:2      | Reached XP level 4. HP: 19/25 MP: 7/13
  2474 | D:2      | Succumbed to hobgoblin's curare-tipped dart

Illustrated notes

Levels and vault maps discovered:
D:1:      saegor_arrival_simple_c, layout_basic, minmay_tromino_mix6
D:2:      layout_loops_corners, fedhas_altar_4, overflow_temple_1_default,
          first_ration, minivault_14, minmay_misc_feat_chi

Skill      XL: |  1  2  3 |
---------------+----------+-----
Spellcasting   | 5 |  5.6
Armour         | 1 |  1.2
Fighting       | 1 |  1.1
Conjurations   | 2 |  2.1
Dodging        | |  2.4
Stealth        | |  2.4
Summonings     | |  1.1
Translocations | |  1.1

Action                   |  1- 3 |  4- 6 || total
-------------------------+-------+-------++-------
Melee: Dagger            |    13 |       ||    13
 Cast: Magic Dart        |   104 |     7 ||   111
       Conjure Flame     |     1 |       ||     1
  Use: Potion            |       |     1 ||     1
  Eat: Chunk             |     4 |       ||     4
Armor: Leather armour    |     3 |       ||     3
Dodge: Dodged            |    17 |       ||    17
